 Dungeon Crawl Stone Soup version 0.29-a0-330-g52719c12eb (webtiles) character file.

Game seed: 16606354112394741892

28 night the Shooter (level 3, 0/28 HPs)
             Began as a Demonspawn Hunter on Apr 30, 2022.
             Killed by divine providence
             ... invoked by an orc priest
              (10 damage)
             ... on level 2 of the Dungeon.
             The game lasted 00:03:50 (1395 turns).

night the Shooter (Demonspawn Hunter)               Turns: 1395, Time: 00:03:51

Health: 0/28       AC:  3    Str: 11    XL:     3   Next: 0%
Magic:  3/3        EV: 12    Int: 10    God:
Gold:   117        SH:  0    Dex: 18    Spells: 2/2 levels left

rFire   . . .      SeeInvis .   b - +0 dagger (venom)
rCold   . . .      Faith    .   (no shield)
rNeg    . . .      Spirit   .   d - +0 leather armour
rPois   .          Reflect  .   (no helmet)
rElec   .          Harm     .   (no cloak)
rCorr   .          Rampage  .   (no gloves)
Will    .....                   (no boots)
Stlth   ++........              (no amulet)
HPRegen 0.09/turn               (no ring)
MPRegen 0.08/turn               (no ring)

@: no status effects
A: weakness stinger 1
a: no special abilities


You were on level 2 of the Dungeon.
You visited 1 branch of the dungeon, and saw 2 of its levels.

You collected 117 gold pieces.

Inventory:

Hand Weapons
 a - a +1 shortbow
 b - a +0 dagger of venom (weapon)
 f - a +0 long sword
Missiles
 e - 75 stones
 i - 4 poisoned darts
Armour
 d - a +0 leather armour (worn)
Scrolls
 c - a scroll of immolation
 j - 2 scrolls of identify {unknown}
 k - a scroll of vulnerability {unknown}
 m - 2 scrolls of fear {unknown}
 n - a scroll of teleportation {unknown}
 o - a scroll of holy word {unknown}
 p - 2 scrolls of magic mapping {unknown}
Potions
 g - 2 potions of flight


   Skills:
 + Level 2.5 Fighting
 * Level 4.2 Bows
 - Level 1.7 Dodging
 - Level 0.8 Stealth


You had 2 spell levels left.
You didn't know any spells.
Your spell library contained the following spells:

 Spells                   Type           Power      Damage    Failure   Level
 Summon Forest            Summ/Tloc      0%         N/A       100%        5
 Summon Mana Viper        Hex/Summ       0%         N/A       100%        5
 Summon Cactus Giant      Summ           0%         N/A       100%        6


Dungeon Overview and Level Annotations

Branches:
Dungeon (2/15)

Altars:
Beogh
Jiyva

Shops:
D:1 (


Innate Abilities, Weirdness & Mutations

You have a small tail.


Message History

The orc shouts! x3
You shoot an arrow. The arrow hits the orc priest.
The orc priest is lightly wounded.
You shoot an arrow. The arrow hits the orc priest.
The orc priest is heavily wounded.
The orc priest invokes the aid of Beogh against you.
You barely resist. You shoot an arrow. The arrow hits the orc!
You kill the orc!
The orc priest invokes the aid of Beogh against you.
Beogh smites you!
You have reached level 3!
Your experience leads to an increase in your attributes!
Increase (S)trength, (I)ntelligence, or (D)exterity?
You feel agile. x2
You aren't carrying any items that you can evoke.
It was a potion of flight.
You feel very buoyant.
You fly up into the air.
It was a potion of might.
You feel very mighty all of a sudden.
It was a potion of cancellation.
Your magical effects are unravelling.
You feel magically purged.
You float gracefully downwards.
You feel a little less mighty now. The orc barely misses you.
You are too injured to fight recklessly!
Your +0 dagger of venom begins to drip with poison!
b - a +0 dagger of venom (weapon)
The orc closely misses you.
Okay, then.
You hit the orc but do no damage. The orc hits you with a +0 club.
You hit the orc but do no damage.
The orc is poisoned.
The orc hits you with a +0 club.
You hit the orc but do no damage.
The orc looks as sick as possible!
The orc is lightly wounded.
The orc hits you with a +0 club.
The orc priest mumbles some strange prayers to Beogh against you.
Beogh smites you!
You die...

..........#
######..... #.....
# #..... .###
##.....
#####...####......
#oo.............##
#o#.......#.....#
#@#oo.....#.....#
#.#.......#.....##
#.#oo.....#....<'.
#.#.......#.....##
#.#.......#.....##
#.#.......#.#.....
#.##.....##.######
#.###$oo###.#
#..#######..######


You could see an orc priest and 2 orcs.

Vanquished Creatures
  An orc (D:2)
  An endoplasm (D:1)
  4 giant cockroaches
  2 goblins
  4 hobgoblins
  A quokka (D:1)
  3 ball pythons (D:1)
  3 frilled lizards (D:1)
  3 kobolds
  3 rats (D:1)
25 creatures vanquished.

Notes
Turn   | Place    | Note
-------+----------+-------------------------------------------
     0 | D:1      | night the Demonspawn Hunter began the quest for the Orb.
     0 | D:1      | Reached XP level 1. HP: 16/16 MP: 1/1
   160 | D:1      | Found a viscous altar of Jiyva.
   160 | D:1      | Noticed a jelly
   160 | D:1      | Noticed a jelly
   160 | D:1      | Noticed a jelly
   161 | D:1      | Noticed a jelly
   343 | D:1      | You fall into a shaft and drop 1 floor!
   347 | D:2      | Discovered your monstrous ancestry.
   347 | D:2      | Gained mutation: You have a small tail. [demonic ancestry]
   347 | D:2      | Reached XP level 2. HP: 22/22 MP: 2/2
   489 | D:1      | Reached skill level 4 in Bows
   620 | D:1      | Found Fekoorch's Antique Weapon Emporium.
   878 | D:1      | Found a faded altar of an unknown god.
  1386 | D:2      | Reached XP level 3. HP: 15/28 MP: 3/3
  1395 | D:2      | Killed from afar by an orc priest

Illustrated notes

Levels and vault maps discovered:
D:1:      erik_arrival_cave_to_civilisation [erik_arrival_cave_to_temple],
          layout_rooms, hellmonk_ecumenical_altar_defaced_shrine, serial_shops,
          shop, minmay_tromino_v2
D:2:      cheibrodos_pilgrimage, layout_basic, minmay_misc_feat_doors

Skill      XL: |  1  2 |
---------------+-------+-----
Bows           | 4 |  4.2
Fighting       | |  2.5
Dodging        | |  1.7
Stealth        | |  0.8

Action                   || total
-------------------------++-------
Melee: Dagger            ||    12
 Fire: Shortbow          ||    60
  Use: Potion            ||     3
Armor: Leather armour    ||     6
Dodge: Dodged            ||    24

Table legend: (Time is in decaauts)
 A = Elapsed time spent in this place.
 B = Non-inter-level travel time spent in this place.
 C = Inter-level travel time spent in this place.
 D = Time resting spent in this place.
 E = Time spent auto-exploring this place.
 F = Levels seen in this place.
 G = Mean time per level.
                   A        B        C        D        E       F      G
               +--------+--------+--------+--------+--------+-----+--------+
         Total |   1412 |   1259 |    153 |    139 |    785 |   2 |  706.0 |
       Dungeon |   1412 |   1259 |    153 |    139 |    785 |   2 |  706.0 |
               +--------+--------+--------+--------+--------+-----+--------+

Top non-repeatable levels by time:
     D:1: 1044 daAuts
     D:2: 368 daAuts
